TOP OF THE 1ST |
Sun Prairie Swallows batting - Pitching for Springfield Shooters : RHP Raúl Rodríguez
|
Pitching: RHP Raúl Rodríguez
|
|
Batting: RHB José Silva
|
0-0: Called Strike 0-1: Ball 1-1: Swinging Strike 1-2: Ball 2-2: Fly out, F9 (Flyball, 9M)
|
Batting: RHB Bob Wilson
|
0-0: Ball 1-0: Fly out, F9 (Flyball, 9S)
|
Batting: RHB José Carlos Ramos
|
0-0: Foul Ball, location: 2F 0-1: Ball 1-1: Called Strike 1-2: Ball 2-2: Ground out 6-3 (Groundball, 6M)
|
Top of the 1st over - 0 run(s), 0 hit(s), 0 error(s), 0 left on base; Sun Prairie 0 - Springfield 0 |
BOTTOM OF THE 1ST |
Springfield Shooters batting - Pitching for Sun Prairie Swallows : LHP Leon Robinson
|
Pitching: LHP Leon Robinson
|
|
Batting: SHB Albert Santos
|
0-0: Ball 1-0: Ball 2-0: Ball 3-0: Called Strike 3-1: Base on Balls
|
Batting: RHB Ethan Miller
|
0-0: Fly out, F9 (Flyball, 9S)
|
Batting: RHB José López
|
0-0: Called Strike 0-1: Foul Ball, location: 2F 0-2: Hit by Pitch Albert Santos to second
|
Batting: SHB Michael Coleman
|
0-0: Ball 1-0: DOUBLE (Flyball, 89XD) Albert Santos scores José López to third
|
Batting: RHB Iván Ríos
|
0-0: Ball 1-0: Fly out, F8 (Line Drive, 8LM)
|
Batting: LHB Joram Nelen
|
0-0: Ball 1-0: Ball 2-0: Called Strike 2-1: Ball 3-1: Foul Ball, location: 2F 3-2: Foul Ball, location: 2F 3-2: Fly out, F7 (Popup, 8LS)
|
Bottom of the 1st over - 1 run(s), 1 hit(s), 0 error(s), 2 left on base; Sun Prairie 0 - Springfield 1 |
TOP OF THE 2ND |
Sun Prairie Swallows batting - Pitching for Springfield Shooters : RHP Raúl Rodríguez
|
Batting: LHB Bobby Moore
|
0-0: Ball 1-0: Foul Ball, location: 2F 1-1: Ball 2-1: SINGLE (Line Drive, 4D)
|
Batting: RHB Scott Forrest
|
0-0: Ball 1-0: Fly out, F4 (Popup, 3D)
|
Batting: LHB Geoff Tucker
|
0-0: Ball 1-0: Grounds into double play, 1-6-3 (Groundball, 13S)
|
Top of the 2nd over - 0 run(s), 1 hit(s), 0 error(s), 0 left on base; Sun Prairie 0 - Springfield 1 |
BOTTOM OF THE 2ND |
Springfield Shooters batting - Pitching for Sun Prairie Swallows : LHP Leon Robinson
|
Batting: SHB Juan Gil
|
0-0: Called Strike 0-1: SINGLE (Groundball, 6)
|
Batting: LHB Torquato Villani
|
0-0: Swinging Strike 0-1: SINGLE (Line Drive, 89S) Juan Gil to second
|
Batting: RHB Javier Vásquez
|
0-0: Ball 1-0: Swinging Strike 1-1: Foul Ball, location: 2F 1-2: Foul Ball, location: 2F 1-2: Foul Ball, location: 2F 1-2: Ball 2-2: Ball 3-2: DOUBLE (Line Drive, 7LM) Juan Gil scores Torquato Villani to third
|
Batting: SHB Albert Santos
|
0-0: Called Strike 0-1: Ball 1-1: Called Strike 1-2: Ball 2-2: Ball 3-2: SINGLE (Line Drive, 56D) Torquato Villani scores Javier Vásquez to third
|
Batting: RHB Ethan Miller
|
0-0: Called Strike 0-1: Ball 1-1: Ball 2-1: Swinging Strike 2-2: Ball 3-2: Base on Balls Albert Santos to second
|
Batting: RHB José López
|
0-0: Grounds into fielders choice 1-2 (Groundball, 34S) Albert Santos to third Ethan Miller to second
|
Batting: SHB Michael Coleman
|
0-0: Ball 1-0: Called Strike 1-1: DOUBLE (Line Drive, 8LM) Albert Santos scores Ethan Miller scores José López to third
|
Batting: RHB Iván Ríos
|
0-0: Ball 1-0: Swinging Strike 1-1: Ground out 1-3 (Groundball, 15)
|
Batting: LHB Joram Nelen
|
0-0: Ball 1-0: Foul Ball, location: 2F 1-1: Foul Ball, location: 2F 1-2: Ball 2-2: Foul Ball, location: 2F 2-2: SINGLE (Groundball, 4MD) José López scores Michael Coleman to third Runner from 3rd tries for Home, SAFE, no throw or cutoff
|
Pitching: RHP Sherwood Lang
|
|
Batting: SHB Juan Gil
|
0-0: Ball 1-0: Ball 2-0: Called Strike 2-1: Foul Ball, location: 2F 2-2: Fly out, F8 (Flyball, 8RM)
|
Bottom of the 2nd over - 6 run(s), 6 hit(s), 0 error(s), 1 left on base; Sun Prairie 0 - Springfield 7 |
TOP OF THE 3RD |
Sun Prairie Swallows batting - Pitching for Springfield Shooters : RHP Raúl Rodríguez
|
Batting: RHB Augusto Rocha
|
0-0: Foul Ball, location: 2F 0-1: Swinging Strike 0-2: Ball 1-2: Foul Ball, location: 2F 1-2: Ball 2-2: Foul Ball, location: 2F 2-2: SINGLE (Line Drive, 6D)
|
Batting: RHB Darby Carveth
|
0-0: Ball 1-0: Ball 2-0: Foul Ball, location: 2F 2-1: Foul Ball, location: 2F 2-2: Grounds into double play, 6-4-3 (Groundball, 6M)
|
Batting: RHB Joel Frazier
|
0-0: Foul Ball, location: 2F 0-1: Ball 1-1: Foul Ball, location: 2F 1-2: Strikes out swinging
|
Top of the 3rd over - 0 run(s), 1 hit(s), 0 error(s), 0 left on base; Sun Prairie 0 - Springfield 7 |
BOTTOM OF THE 3RD |
Springfield Shooters batting - Pitching for Sun Prairie Swallows : RHP Sherwood Lang
|
Batting: LHB Torquato Villani
|
0-0: Ground out U3 (Groundball, 3)
|
Batting: RHB Javier Vásquez
|
0-0: SINGLE (Groundball, 56D)
|
Batting: SHB Albert Santos
|
0-0: Ball 1-0: Ball 2-0: Ball 3-0: Base on Balls Javier Vásquez to second
|
Batting: RHB Ethan Miller
|
0-0: Ball Javier Vásquez steals 3rd base Albert Santos to second 1-0: Ball 2-0: Called Strike 2-1: DOUBLE (Flyball, 89XD) Javier Vásquez scores Albert Santos scores
|
Batting: RHB José López
|
0-0: Called Strike 0-1: Foul Ball, location: 2F 0-2: Ground out 5-3 (Groundball, 56)
|
Batting: SHB Michael Coleman
|
0-0: Ball 1-0: Ball 2-0: Ball 3-0: Called Strike 3-1: Called Strike 3-2: Strikes out swinging
|
Bottom of the 3rd over - 2 run(s), 2 hit(s), 0 error(s), 1 left on base; Sun Prairie 0 - Springfield 9 |
TOP OF THE 4TH |
Sun Prairie Swallows batting - Pitching for Springfield Shooters : RHP Raúl Rodríguez
|
Batting: RHB José Silva
|
0-0: Ball 1-0: Foul Ball, location: 2F 1-1: Ball 2-1: Foul Ball, location: 2F 2-2: Fly out, F9 (Flyball, 9M)
|
Batting: RHB Bob Wilson
|
0-0: Fly out, F8 (Flyball, 8RM)
|
Batting: RHB José Carlos Ramos
|
0-0: SINGLE (Line Drive, 56D)
|
Batting: LHB Bobby Moore
|
0-0: Ground out 4-3 (Groundball, 34)
|
Top of the 4th over - 0 run(s), 1 hit(s), 0 error(s), 1 left on base; Sun Prairie 0 - Springfield 9 |
BOTTOM OF THE 4TH |
Springfield Shooters batting - Pitching for Sun Prairie Swallows : RHP Sherwood Lang
|
Batting: RHB Iván Ríos
|
0-0: Ball 1-0: Fly out, F8 (Flyball, 8LD)
|
Batting: LHB Joram Nelen
|
0-0: Called Strike 0-1: Ball 1-1: Ball 2-1: Fly out, F8 (Flyball, 8RM)
|
Batting: SHB Juan Gil
|
0-0: Ball 1-0: Swinging Strike 1-1: Fly out, F7 (Flyball, 7M)
|
Bottom of the 4th over - 0 run(s), 0 hit(s), 0 error(s), 0 left on base; Sun Prairie 0 - Springfield 9 |
TOP OF THE 5TH |
Sun Prairie Swallows batting - Pitching for Springfield Shooters : RHP Raúl Rodríguez
|
Batting: RHB Scott Forrest
|
0-0: Fly out, F3 (Popup, 3SF)
|
Batting: LHB Geoff Tucker
|
0-0: Ball 1-0: Fly out, F8 (Flyball, 8RM)
|
Batting: RHB Augusto Rocha
|
0-0: Ball 1-0: Ball 2-0: Ball 3-0: Called Strike 3-1: Fly out, F8 (Popup, 8LS)
|
Top of the 5th over - 0 run(s), 0 hit(s), 0 error(s), 0 left on base; Sun Prairie 0 - Springfield 9 |
BOTTOM OF THE 5TH |
Springfield Shooters batting - Pitching for Sun Prairie Swallows : RHP Sherwood Lang
|
Batting: LHB Torquato Villani
|
0-0: Called Strike 0-1: Ground out 4-3 (Groundball, 4)
|
Batting: RHB Javier Vásquez
|
0-0: Ground out 6-3 (Groundball, 6)
|
Batting: SHB Albert Santos
|
0-0: Foul Ball, location: 2F 0-1: Foul Ball, location: 2F 0-2: Foul Ball, location: 2F 0-2: Ball 1-2: Ball 2-2: Ball 3-2: SINGLE (Groundball, 34D)
|
Batting: RHB Ethan Miller
|
0-0: Ball 1-0: Ball 2-0: Ball 3-0: Base on Balls Albert Santos to second
|
Batting: RHB José López
|
0-0: Fly out, F8 (Popup, 4D)
|
Bottom of the 5th over - 0 run(s), 1 hit(s), 0 error(s), 2 left on base; Sun Prairie 0 - Springfield 9 |
TOP OF THE 6TH |
Sun Prairie Swallows batting - Pitching for Springfield Shooters : RHP Raúl Rodríguez
|
Batting: RHB Darby Carveth
|
0-0: Ball 1-0: Called Strike 1-1: Swinging Strike 1-2: Ball 2-2: Ball 3-2: Base on Balls
|
Batting: RHB Joel Frazier
|
0-0: Ball 1-0: Ball 2-0: Ball 3-0: Called Strike 3-1: Fly out, F7 (Flyball, 78S)
|
Batting: RHB José Silva
|
0-0: Ball 1-0: Ball 2-0: Called Strike 2-1: Ball 3-1: Base on Balls Darby Carveth to second
|
Batting: RHB Bob Wilson
|
0-0: Called Strike 0-1: Fly out, F7 (Flyball, 7M)
|
Batting: RHB José Carlos Ramos
|
0-0: Called Strike 0-1: Ball 1-1: Fly out, F7 (Flyball, 7S)
|
Top of the 6th over - 0 run(s), 0 hit(s), 0 error(s), 2 left on base; Sun Prairie 0 - Springfield 9 |
BOTTOM OF THE 6TH |
Springfield Shooters batting - Pitching for Sun Prairie Swallows : RHP Sherwood Lang
|
Batting: SHB Michael Coleman
|
0-0: Ground out 4-3 (Groundball, 34)
|
Batting: RHB Iván Ríos
|
0-0: Ball 1-0: Foul Ball, location: 2F 1-1: Called Strike 1-2: Ball 2-2: Ball 3-2: Strikes out looking
|
Batting: LHB Joram Nelen
|
0-0: Called Strike 0-1: Fly out, F8 (Flyball, 8LD)
|
Bottom of the 6th over - 0 run(s), 0 hit(s), 0 error(s), 0 left on base; Sun Prairie 0 - Springfield 9 |
TOP OF THE 7TH |
Sun Prairie Swallows batting - Pitching for Springfield Shooters : RHP Raúl Rodríguez
|
Batting: LHB Bobby Moore
|
0-0: Foul Ball, location: 2F 0-1: Ball 1-1: Ground out 4-3 (Groundball, 4)
|
Batting: RHB Scott Forrest
|
0-0: Called Strike 0-1: Swinging Strike 0-2: Strikes out swinging
|
Batting: LHB Geoff Tucker
|
0-0: Ball 1-0: Ball 2-0: Foul Ball, location: 2F 2-1: Ground out 6-3 (Groundball, 6)
|
Top of the 7th over - 0 run(s), 0 hit(s), 0 error(s), 0 left on base; Sun Prairie 0 - Springfield 9 |
BOTTOM OF THE 7TH |
Springfield Shooters batting - Pitching for Sun Prairie Swallows : RHP Sherwood Lang
|
Pitching: RHP Pat Brown
|
|
Batting: SHB Juan Gil
|
0-0: Foul Ball, location: 2F 0-1: Called Strike 0-2: Ball 1-2: Foul Ball, location: 2F 1-2: Fly out, F5 (Popup, 5F)
|
Batting: LHB Torquato Villani
|
0-0: Ball 1-0: Fly out, F7 (Popup, 78S)
|
Batting: RHB Javier Vásquez
|
0-0: Ball 1-0: Called Strike 1-1: Fly out, F7 (Flyball, 7LM)
|
Bottom of the 7th over - 0 run(s), 0 hit(s), 0 error(s), 0 left on base; Sun Prairie 0 - Springfield 9 |
TOP OF THE 8TH |
Sun Prairie Swallows batting - Pitching for Springfield Shooters : RHP Raúl Rodríguez
|
Now in LF: Todd Cisneros
|
|
Batting: RHB Augusto Rocha
|
0-0: Foul Ball, location: 2F 0-1: Ball 1-1: Ball 2-1: SOLO HOME RUN (Flyball, 8LXD), Distance : 440 ft
|
Batting: RHB Darby Carveth
|
0-0: Called Strike 0-1: Ball 1-1: Ball 2-1: Ball 3-1: Base on Balls
|
Batting: RHB Joel Frazier
|
0-0: Ball 1-0: Foul Ball, location: 2F 1-1: Fly out, F4 (Popup, 34D)
|
Pitching: RHP Bryce Randolph
|
|
Batting: RHB José Silva
|
0-0: Ball 1-0: Called Strike 1-1: Ball 2-1: Foul Ball, location: 2F 2-2: SINGLE (Groundball, 6MD) (infield hit) Darby Carveth to second
|
Batting: RHB Bob Wilson
|
0-0: Called Strike 0-1: Called Strike 0-2: Ball 1-2: Strikes out looking
|
Batting: RHB José Carlos Ramos
|
0-0: Called Strike 0-1: Called Strike 0-2: Foul Ball, location: 2F 0-2: Hit by Pitch Darby Carveth to third José Silva to second
|
Batting: LHB Bobby Moore
|
0-0: Called Strike 0-1: Called Strike 0-2: Ball 1-2: Ball 2-2: Strikes out looking
|
Top of the 8th over - 1 run(s), 2 hit(s), 0 error(s), 3 left on base; Sun Prairie 1 - Springfield 9 |
BOTTOM OF THE 8TH |
Springfield Shooters batting - Pitching for Sun Prairie Swallows : RHP Pat Brown
|
Batting: SHB Albert Santos
|
0-0: Called Strike 0-1: Ball 1-1: Called Strike 1-2: Strikes out looking
|
Batting: RHB Ethan Miller
|
0-0: Ball 1-0: Ball 2-0: Called Strike 2-1: Foul Ball, location: 2F 2-2: Ball 3-2: SINGLE (Line Drive, 56)
|
Batting: RHB José López
|
0-0: Fly out, F6 (Popup, 6)
|
Batting: SHB Michael Coleman
|
0-0: Ball 1-0: Foul Ball, location: 2F 1-1: Foul Ball, location: 2F 1-2: Ball 2-2: Foul Ball, location: 2F 2-2: Ball 3-2: Foul Ball, location: 2F 3-2: Foul Ball, location: 2F 3-2: Strikes out looking
|
Bottom of the 8th over - 0 run(s), 1 hit(s), 0 error(s), 1 left on base; Sun Prairie 1 - Springfield 9 |
TOP OF THE 9TH |
Sun Prairie Swallows batting - Pitching for Springfield Shooters : RHP Bryce Randolph
|
Batting: RHB Scott Forrest
|
0-0: Ball 1-0: Ball 2-0: Called Strike 2-1: Ball 3-1: Base on Balls
|
Batting: LHB Geoff Tucker
|
0-0: Called Strike 0-1: Foul Ball, location: 2F 0-2: Ball 1-2: Strikes out swinging
|
Batting: RHB Augusto Rocha
|
0-0: Ball 1-0: Ball 2-0: Fly out, F5 (Popup, 5L)
|
Batting: RHB Darby Carveth
|
0-0: Called Strike 0-1: Ball 1-1: SINGLE (Groundball, 6MD) Scott Forrest to second
|
Batting: RHB Joel Frazier
|
0-0: Ball 1-0: Ball 2-0: Called Strike 2-1: Fly out, F7 (Line Drive, 7S)
|
Top of the 9th over - 0 run(s), 1 hit(s), 0 error(s), 2 left on base; Sun Prairie 1 - Springfield 9 |
|